[Event "Titled Tuesday Blitz March 21 Late 2023"]
[White "Battlecruiser_Operational"]
[Black "Araujo Sanchez, Josue"]
[BlackFideId "6416896"]
[WhiteElo "2240"]
[BlackElo "2416"]
[Result "0-1"]
[Round "03"]
[TimeControl "180+2"]
[Date "2023.03.21"]
[WhiteClock "0:00:03"]
[BlackClock "0:00:08"]

1. d4 Nf6 2. Nf3 e6 3. g3 b6 4. Bg2 Bb7 5. O-O Be7 6. c4 O-O 7. Nc3 d5 8. Qb3 Nbd7 9. Rd1 Qc8 10. Bf4 c5 11. cxd5 Nxd5 12. Nxd5 Bxd5 13. Qe3 Qb7 14. Rac1 Rac8 15. a3 a5 16. Ne1 Nf6 17. Bxd5 Nxd5 18. Qf3 cxd4 19. Rxc8 Rxc8 20. Rxd4 Bf6 21. Rd2 Rc1 22. Kf1 Qc8 23. Rxd5 Rxe1+ 24. Kxe1 exd5 25. Qxd5 Bxb2 26. a4 h6 27. Be3 Ba3 28. Kf1 Bc5 29. Bxc5 bxc5 30. Ke1 Qe8 31. Qc4 Qe5 32. f4 Qa1+ 33. Kf2 Qa3 34. Qb5 Qb4 35. Qe8+ Kh7 36. Qxf7 Qd4+ 37. Kf3 Qxa4 38. Qf5+ Kh8 39. Qc8+ Kh7 40. Qxc5 Qb3+ 41. e3 a4 42. Qf5+ Kh8 43. Qc8+ Kh7 44. Qf5+ Kg8 45. Qc8+ Kf7 46. Qd7+ Kf6 47. Qd6+ Kf7 48. Qd7+ Kg8 49. Qe8+ Kh7 50. Qe4+ Kh8 51. Qe8+ Kh7 52. Qe4+ g6 53. Qe7+ Kg8 54. Qe8+ Kg7 55. Qe7+ Qf7 56. Qe5+ Kh7 57. Qa5 Qb7+ 58. e4 Qb3+ 59. Kg4 Qd1+ 60. Kh3 Qf1+ 61. Kh4 Qc4 62. Qa7+ Kg8 63. Qa8+ Kf7 64. e5 g5+ 65. Kh5 gxf4 66. Qb7+ Ke6 67. Qb6+ Kxe5 68. gxf4+ Kxf4 69. Qxh6+ Kf3 70. Qf6+ Kg2 71. h4 Qe2+ 72. Kh6 Qe3+ 73. Qg5+ Kf3 74. Qxe3+ Kxe3 75. h5 a3 76. Kg6 a2 77. h6 a1=Q 78. h7 Qh8 79. Kh6 Ke4 0-1


[Site "https://www.chess.com"]

[Event "Titled Tuesday Blitz March 21 Late 2023"]
[White "Pinheiro, Iung Alicio de O."]
[Black "Vifleemskaia, Svetlana"]
[WhiteFideId "2104350"]
[BlackFideId "4129490"]
[WhiteElo "2283"]
[BlackElo "1930"]
[Result "1-0"]
[Round "03"]
[TimeControl "180+2"]
[Date "2023.03.21"]
[WhiteClock "0:00:22"]
[BlackClock "0:00:04"]

1. e4 Nf6 2. e5 Nd5 3. d4 e6 4. Nf3 d6 5. c4 Nb6 6. exd6 cxd6 7. Nc3 d5 8. c5 N6d7 9. Bg5 Nf6 10. Bd3 Be7 11. O-O O-O 12. Ne5 Nc6 13. Nxc6 bxc6 14. Qc2 h6 15. Bf4 a5 16. h3 Ba6 17. Na4 Bxd3 18. Qxd3 Nd7 19. Rfe1 Qc8 20. Rad1 Qb7 21. Qg3 Kh7 22. b3 Qb4 23. Bd2 Qb7 24. Bf4 Qb4 25. Bd6 Bf6 26. Bxf8 Rxf8 27. Qd6 Qb7 28. Nb6 Rd8 29. Nxd7 Rxd7 30. Qf4 Qb4 31. Qd2 Rb7 32. Qd3+ Kg8 33. Re2 Ra7 34. a4 Rb7 35. Re3 Rb8 36. Rf3 Qb7 37. Qe3 Qb4 38. g3 Kf8 39. h4 Ke7 40. Kg2 Qa3 41. Qf4 Rc8 42. Qd6+ Ke8 43. Re1 Qb4 44. Rxe6+ fxe6 45. Qxe6+ Kd8 46. Qd6+ Ke8 47. Re3+ Kf7 48. Qe6+ Kg6 49. h5+ Kh7 50. Qf5+ Kg8 51. Qxc8+ 1-0


[Site "https://www.chess.com"]

[Event "Titled Tuesday Blitz March 21 Late 2023"]
[White "Itkis, Boris"]
[Black "Roebers, Eline"]
[WhiteFideId "1209167"]
[BlackFideId "1058401"]
[WhiteElo "2216"]
[BlackElo "2524"]
[Result "1-0"]
[Round "03"]
[TimeControl "180+2"]
[Date "2023.03.21"]
[WhiteClock "0:00:14"]
[BlackClock "0:00:01"]

1. c4 f5 2. b4 Nf6 3. Bb2 g6 4. e3 Bg7 5. d4 O-O 6. Nc3 c6 7. Nf3 d5 8. Qb3 h6 9. b5 Be6 10. a4 Nbd7 11. c5 Ne4 12. a5 a6 13. bxc6 bxc6 14. Na4 f4 15. Nb6 Ra7 16. Bd3 Ndxc5 17. dxc5 Nxc5 18. Qc2 Nxd3+ 19. Qxd3 Bxb2 20. Ra2 Bf5 21. Qb3 Bg7 22. O-O Be4 23. Nd2 Kh8 24. Nxe4 dxe4 25. exf4 Rxf4 26. Qe3 Rf8 27. Rd2 Qe8 28. Rfd1 Rc7 29. Qxe4 c5 30. h4 Qf7 31. Nc4 Bd4 32. Rxd4 cxd4 33. Qe5+ Kh7 34. Qxc7 Qxf2+ 35. Kh1 Qxh4+ 36. Qh2 Qg4 37. Re1 Qg5 38. Ne5 Qf6 39. Nf3 d3 40. Rd1 Rd8 41. Qg3 Qf5 42. Rd2 Rd5 43. Qe1 e6 44. Qe3 Qh5+ 45. Kg1 Qf5 46. Qa7+ Kg8 47. Qxa6 Rxa5 48. Qc8+ Kg7 49. Qd7+ Qf7 50. Rxd3 Rd5 51. Rxd5 exd5 52. Qd6 g5 53. Ne5 Qf6 54. Qd7+ Kh8 55. Qxd5 Kg7 56. Qd7+ Kh8 57. Nf7+ Kg8 58. Nd6 Kh8 59. Qe8+ 1-0


[Site "https://www.chess.com"]

[Event "Titled Tuesday Blitz March 21 Late 2023"]
[White "Smith, Garrett L"]
[Black "Molenda, Marcin"]
[WhiteFideId "2024829"]
[BlackFideId "1173065"]
[WhiteElo "2307"]
[BlackElo "2286"]
[Result "0-1"]
[Round "03"]
[TimeControl "180+2"]
[Date "2023.03.21"]
[WhiteClock "0:00:12"]
[BlackClock "0:00:05"]

1. e4 c5 2. a3 e6 3. b4 Nc6 4. b5 Nce7 5. Bb2 d5 6. e5 Ng6 7. Nf3 N8e7 8. d4 cxd4 9. Bxd4 Nf5 10. Bb2 h5 11. Bd3 Nfh4 12. O-O Nf4 13. Nxh4 Qxh4 14. g3 Nh3+ 15. Kg2 Qd8 16. Kxh3 h4 17. g4 b6 18. Nd2 Bb7 19. Nf3 d4 20. Nxd4 Qd5 21. f3 Qxe5 22. Re1 Qf4 23. Be4 Bd6 24. Qe2 Bxe4 25. fxe4 Rc8 26. e5 Bc5 27. Nc6 a6 28. Rf1 Qg5 29. a4 O-O 30. Ra3 Bxa3 31. Bxa3 axb5 32. Ne7+ Kh8 33. Nxc8 Rxc8 34. axb5 Rc3+ 35. Rf3 Rxf3+ 36. Qxf3 Qxe5 37. Bb4 Qb2 38. Bc3 Qxc2 39. Kxh4 Qxh2+ 40. Qh3 Qe2 41. Kg3+ Kg8 42. Qg2 Qxb5 43. Qf3 Qc4 44. Qa8+ Kh7 45. Qf3 b5 46. Be5 f6 47. Bb2 e5 48. Qc3 Qe2 49. Qb4 Kh8 50. Qc3 Qe4 51. Qc8+ Kh7 52. Qc3 b4 53. Qd2 b3 54. Kh3 Kg6 55. Kg3 Qc2 56. Qc3 Qxc3+ 57. Bxc3 Kf7 58. Kf3 Ke6 59. Ke4 g6 60. Bb2 f5+ 61. gxf5+ gxf5+ 62. Ke3 Kd5 63. Kd3 f4 64. Ke2 e4 65. Kd2 Kc4 66. Ke2 Kd5 67. Kd2 Ke6 68. Ke2 Kf5 69. Kd2 Kg4 70. Ke2 Kg3 71. Bd4 Kg2 72. Ke1 f3 0-1


[Site "https://www.chess.com"]

[Event "Titled Tuesday Blitz March 21 Late 2023"]
[White "Stachanczyk, Jacek"]
[Black "Romkachess"]
[WhiteFideId "1116657"]
[WhiteElo "2084"]
[BlackElo "2520"]
[Result "1-0"]
[Round "03"]
[TimeControl "180+2"]
[Date "2023.03.21"]
[WhiteClock "0:00:54"]
[BlackClock "0:00:03"]

1. e4 c5 2. Nf3 d6 3. d4 cxd4 4. Nxd4 Nf6 5. Nc3 a6 6. Bg5 e6 7. f4 Qc7 8. Qf3 b5 9. Bxf6 gxf6 10. f5 Nc6 11. Nxc6 Qxc6 12. fxe6 fxe6 13. Qxf6 Rg8 14. O-O-O Be7 15. Qf3 b4 16. Ne2 Bd7 17. Nd4 Qc5 18. e5 d5 19. Qh5+ Kd8 20. Qxh7 Kc7 21. Nb3 Bg5+ 22. Kb1 Qe7 23. Qh3 a5 24. Nd4 a4 25. Bb5 Rgb8 26. Bxd7 Kxd7 27. Rhf1 Rb6 28. Qh5 1-0


[Site "https://www.chess.com"]

[Event "Titled Tuesday Blitz March 21 Late 2023"]
[White "sebastianmarinp"]
[Black "Vaglio Munoz, Jaime"]
[BlackFideId "6500145"]
[WhiteElo "2302"]
[BlackElo "2199"]
[Result "1-0"]
[Round "03"]
[TimeControl "180+2"]
[Date "2023.03.21"]
[WhiteClock "0:01:09"]
[BlackClock "0:01:31"]

1. e4 c6 2. d4 d5 3. e5 c5 4. dxc5 Nc6 5. a3 Nxe5 6. b4 Nf6 7. Bb2 Ned7 8. Nf3 g6 9. c4 dxc4 10. Bxc4 Bg7 11. Bxf7+ Kxf7 12. Ng5+ Ke8 13. Ne6 Kf7 14. Nxd8+ Rxd8 15. Qb3+ e6 16. O-O Nb8 17. Nc3 Bd7 18. Rad1 Nc6 19. Rfe1 a6 20. Rd6 Ne8 21. Rxd7+ Rxd7 22. Qxe6+ Kf8 23. Qxd7 Nf6 24. Qxb7 Rd8 25. Qxc6 Kg8 26. Qe6+ Kh8 27. c6 1-0


[Site "https://www.chess.com"]

[Event "Titled Tuesday Blitz March 21 Late 2023"]
[White "Kokoszczynski, Jan"]
[Black "K2JW"]
[WhiteFideId "1174460"]
[WhiteElo "2139"]
[BlackElo "2300"]
[Result "0-1"]
[Round "03"]
[TimeControl "180+2"]
[Date "2023.03.21"]
[WhiteClock "0:01:25"]
[BlackClock "0:00:35"]

1. d4 d5 2. Bf4 c5 3. e3 cxd4 4. exd4 Nc6 5. c3 Bf5 6. Nf3 e6 7. Be2 Bd6 8. Bxd6 Qxd6 9. O-O Nge7 10. Nbd2 O-O 11. Re1 Ng6 12. Nb3 Rae8 13. Nc5 b6 14. Nd3 f6 15. Bf1 e5 16. dxe5 fxe5 17. Nc1 Bg4 18. Be2 Nf4 19. Nd4 exd4 20. Bxg4 Rxe1+ 21. Qxe1 Ne5 22. Be2 d3 23. Bf1 Nh3+ 24. Kh1 Nxf2+ 25. Kg1 Qc5 0-1


[Site "https://www.chess.com"]

[Event "Titled Tuesday Blitz March 21 Late 2023"]
[White "Prieto Aranguren, Alain"]
[Black "Roberson, Peter T"]
[WhiteFideId "2268906"]
[BlackFideId "412384"]
[WhiteElo "2209"]
[BlackElo "2346"]
[Result "0-1"]
[Round "03"]
[TimeControl "180+2"]
[Date "2023.03.21"]
[WhiteClock "0:00:04"]
[BlackClock "0:00:07"]

1. e4 e5 2. Nf3 Nf6 3. Bc4 Nxe4 4. Nc3 Nxc3 5. dxc3 f6 6. Nh4 g6 7. f4 f5 8. Nf3 e4 9. Ne5 Bg7 10. Nf7 Qh4+ 11. g3 Qf6 12. Nxh8 Bxh8 13. Qd5 Qe6 14. Qxe6+ dxe6 15. Be3 Nc6 16. O-O-O Bd7 17. Bb5 Bf6 18. Bxc6 Bxc6 19. Bd4 Be7 20. Be5 Rc8 21. h4 h5 22. b4 Bd5 23. Kb2 c5 24. a3 a5 25. bxa5 Bd8 26. c4 Bxc4 27. Bc3 Bd5 28. a4 Ra8 29. Rb1 Kd7 30. Ka3 Kc6 31. Rhd1 Bxa5 32. Be5 Bb4+ 33. Kb2 Rxa4 34. Kc1 Ra3 35. Rb2 Rxg3 36. c4 Bxc4 37. Rd6+ Kb5 38. Rd7 Rg1+ 39. Kc2 Bd3+ 40. Kb3 c4+ 41. Ka2 Kc6 42. Rc7+ Kd5 43. Rxb4 e3 44. Rb5+ Ke4 45. Rcxb7 e2 46. Bc3 Kxf4 47. Re7 e1=Q 48. Bxe1 Rxe1 49. Rb6 c3 50. Rexe6 Rxe6 51. Rxe6 c2 52. Rc6 Kg4 53. Kb2 f4 54. Rxg6+ Bxg6 0-1


[Site "https://www.chess.com"]

[Event "Titled Tuesday Blitz March 21 Late 2023"]
[White "Kashefi, Amir Hosein"]
[Black "Jimenez, Joaquin"]
[WhiteFideId "12557935"]
[BlackFideId "109860"]
[WhiteElo "2078"]
[BlackElo "2163"]
[Result "1-0"]
[Round "03"]
[TimeControl "180+2"]
[Date "2023.03.21"]
[WhiteClock "0:01:52"]
[BlackClock "0:01:50"]

1. d4 Nf6 2. Bg5 Ne4 3. Bf4 d5 4. Nd2 Nf6 5. Ngf3 Bf5 6. e3 e6 7. c4 c6 8. Qb3 Qb6 9. c5 Qxb3 10. axb3 Nbd7 11. b4 Ne4 12. b5 Nxd2 13. Nxd2 f6 14. b4 e5 15. Bg3 exd4 16. exd4 Kf7 17. bxc6 bxc6 18. Be2 Be7 19. O-O g5 20. Ra6 Rhc8 21. Rfa1 Rab8 22. Bxb8 Rxb8 23. b5 cxb5 24. Rxa7 b4 25. Nb3 Ke8 26. Bh5+ Kd8 27. c6 1-0


[Site "https://www.chess.com"]

[Event "Titled Tuesday Blitz March 21 Late 2023"]
[White "Einarsson, Halldor Gretar"]
[Black "Becerra, Juan David"]
[WhiteFideId "2300150"]
[BlackFideId "4404998"]
[WhiteElo "2142"]
[BlackElo "2282"]
[Result "0-1"]
[Round "03"]
[TimeControl "180+2"]
[Date "2023.03.21"]
[WhiteClock "0:00:01"]
[BlackClock "0:00:12"]

1. d4 Nf6 2. c4 c5 3. d5 e6 4. Nc3 exd5 5. cxd5 d6 6. e4 a6 7. a4 g6 8. h3 Bg7 9. Nf3 O-O 10. Bd3 Nbd7 11. O-O Ne8 12. Bf4 Qe7 13. Re1 Ne5 14. Nxe5 Bxe5 15. Qd2 Rb8 16. a5 Nc7 17. Bg5 f6 18. Be3 f5 19. Bg5 Qf7 20. f4 Bd4+ 21. Kh1 Re8 22. exf5 Bxf5 23. Bc4 Rxe1+ 24. Rxe1 Re8 25. g4 Bd7 26. Ne4 Rxe4 27. Rxe4 Nxd5 28. Rxd4 cxd4 29. Qxd4 Bc6 30. Kh2 Qe6 31. Bh6 Qf7 32. Qe4 g5 33. f5 Kh8 34. Qd4+ Qf6 35. Qxf6+ Nxf6 36. Bxg5 Ne4 37. Be3 d5 38. Bd3 Kg8 39. Bd4 Nd6 40. Bc5 Nc4 41. Bxc4 dxc4 42. Kg3 Kf7 43. Kf4 Ba4 44. Ke5 Bc2 45. h4 Bd1 46. g5 Bh5 47. Kd5 Bg4 0-1


[Site "https://www.chess.com"]

[Event "Titled Tuesday Blitz March 21 Late 2023"]
[White "Khandelwal, Ankush"]
[Black "Skaric, Djuro"]
[WhiteFideId "413470"]
[BlackFideId "934569"]
[WhiteElo "2263"]
[BlackElo "2282"]
[Result "1-0"]
[Round "03"]
[TimeControl "180+2"]
[Date "2023.03.21"]
[WhiteClock "0:01:17"]
[BlackClock "0:01:50"]

1. e4 d6 2. d4 g6 3. Nc3 Bg7 4. f4 Nf6 5. Nf3 Nc6 6. Be3 Ng4 7. Bg1 h5 8. h3 Nh6 9. d5 Nb8 10. Bd4 Kf8 11. Bxg7+ Kxg7 12. Qd4+ f6 13. O-O-O a6 14. Kb1 b5 15. Nh4 Bb7 16. g4 hxg4 17. hxg4 Nd7 18. g5 Nf7 19. Bd3 c5 20. dxc6 Bxc6 21. gxf6+ exf6 22. Rdg1 Rh6 23. Nf5+ Kf8 24. Nxh6 g5 25. Nxf7 Kxf7 26. Rh7+ Kg8 27. Rgh1 Nf8 28. Rh8+ Kg7 29. fxg5 Ne6 30. gxf6+ Qxf6 31. R1h7+ Kg6 32. Rh6+ Kg5 33. Qxf6+ 1-0


[Site "https://www.chess.com"]

[Event "Titled Tuesday Blitz March 21 Late 2023"]
[White "reevecanada"]
[Black "Todev, Simeon"]
[BlackFideId "2925133"]
[WhiteElo "2468"]
[BlackElo "1938"]
[Result "0-1"]
[Round "03"]
[TimeControl "180+2"]
[Date "2023.03.21"]
[WhiteClock "0:01:49"]
[BlackClock "0:00:36"]

1. e4 c5 2. Nf3 Nc6 3. b3 e5 4. Bb2 d6 5. c3 Be6 6. d4 Nge7 7. d5 Bxd5 8. exd5 Nb8 9. Ng5 h6 10. Bb5+ Nd7 11. Ne6 Qb6 12. Bxd7+ Kxd7 13. Nxf8+ Rhxf8 14. c4 Ng6 15. Qg4+ Ke7 16. h4 Nf4 17. O-O f5 18. Qxg7+ Rf7 19. Qxh6 Rg8 20. g3 Rg6 21. Qh8 Rf8 22. Bxe5 Rxh8 23. Bxh8 Qd8 24. Bc3 Qg8 25. Re1+ Kd7 26. Kf1 Rxg3 27. fxg3 Qxg3 28. Re7+ Kxe7 29. Bd2 Qg2+ 30. Ke1 Qe2# 0-1


[Site "https://www.chess.com"]

[Event "Titled Tuesday Blitz March 21 Late 2023"]
[White "Harish, Neeraj"]
[Black "Cyfka, Karina"]
[WhiteFideId "30958130"]
[BlackFideId "1122681"]
[WhiteElo "1963"]
[BlackElo "2241"]
[Result "1-0"]
[Round "03"]
[TimeControl "180+2"]
[Date "2023.03.21"]
[WhiteClock "0:00:26"]
[BlackClock "0:01:12"]

1. e4 e5 2. Nf3 Nc6 3. Bc4 Nf6 4. d3 h6 5. O-O d6 6. a4 g6 7. Nc3 Bg7 8. a5 a6 9. Re1 O-O 10. Nd5 Nxd5 11. Bxd5 Kh7 12. c3 f5 13. b4 Ne7 14. Bb3 fxe4 15. dxe4 Bg4 16. Re3 Qd7 17. h3 Be6 18. Bxe6 Qxe6 19. Rd3 Rf7 20. Rb1 Nc6 21. Qb3 Qe7 22. c4 Rxf3 23. Rxf3 Nd4 24. Qe3 Nxf3+ 25. Qxf3 Rf8 26. Qg4 h5 27. Qg3 Qf7 28. Be3 Qxc4 29. Rc1 Qxe4 30. Rxc7 d5 31. Qg5 Kh8 32. Qe7 Rg8 33. Bh6 Qb1+ 34. Kh2 Qf5 35. Bxg7+ 1-0


[Site "https://www.chess.com"]

[Event "Titled Tuesday Blitz March 21 Late 2023"]
[White "Tymrakiewicz, Rafal"]
[Black "Stanisz, Patryk"]
[WhiteFideId "1108832"]
[BlackFideId "1123106"]
[WhiteElo "2151"]
[BlackElo "2069"]
[Result "0-1"]
[Round "03"]
[TimeControl "180+2"]
[Date "2023.03.21"]
[WhiteClock "0:00:21"]
[BlackClock "0:00:08"]

1. d4 d5 2. Bg5 Nf6 3. e3 Bf5 4. c4 c6 5. Nc3 Nbd7 6. Qb3 Qb6 7. c5 Qxb3 8. axb3 h6 9. Bh4 g5 10. Bg3 Nh5 11. Kd2 Nxg3 12. hxg3 e5 13. Bd3 Bxd3 14. Kxd3 exd4 15. exd4 Bg7 16. Re1+ Kd8 17. g4 Re8 18. Nge2 Nf6 19. f3 b6 20. cxb6 axb6 21. Ng3 Bf8 22. Nf5 Rxe1 23. Rxe1 Kd7 24. Na4 Rb8 25. Rh1 Ng8 26. Re1 Nf6 27. Kc3 h5 28. gxh5 Nxh5 29. g3 Ng7 30. Nh6 f6 31. b4 Bd6 32. g4 Ne6 33. Nf5 Bf8 34. Kb3 Nf4 35. Re3 Ng2 36. Re2 Nf4 37. Re3 Ng2 38. Rd3 Nf4 39. Rd2 Kc7 40. Nc3 Ra8 41. b5 Ra1 42. bxc6 Kxc6 43. Rc2 Kb7 44. Nb5 Rf1 45. Nbd6+ Bxd6 46. Nxd6+ Ka6 47. Rc3 Ne2 48. Re3 Rxf3 49. Rxf3 Nxd4+ 50. Kb4 Nxf3 51. Ne8 f5 52. Nc7+ Kb7 53. Nxd5 fxg4 54. Ne3 g3 55. Kc3 Ne5 56. Kd4 Nf3+ 57. Ke4 Nd2+ 58. Kf5 Nc4 59. Nxc4 g2 60. Nd6+ Kc6 61. Nf7 g1=Q 62. Ne5+ Kb5 63. Ke4 Qe1+ 64. Kd4 Qxe5+ 65. Kxe5 Kb4 66. Kf5 Kb3 67. Kxg5 Kxb2 68. Kf5 b5 69. Ke5 b4 70. Kd4 b3 71. Kd3 Ka2 72. Kc3 b2 73. Kb4 b1=Q+ 74. Ka4 Qd1+ 0-1


[Site "https://www.chess.com"]

[Event "Titled Tuesday Blitz March 21 Late 2023"]
[White "monkins"]
[Black "Meissner, Felix"]
[BlackFideId "24671827"]
[WhiteElo "2248"]
[BlackElo "2350"]
[Result "0-1"]
[Round "03"]
[TimeControl "180+2"]
[Date "2023.03.21"]
[WhiteClock "0:00:01"]
[BlackClock "0:02:12"]

1. Nf3 d5 2. c4 e6 3. g3 Nf6 4. Bg2 a6 5. cxd5 exd5 6. O-O Be7 7. b3 O-O 8. Bb2 c5 9. d4 c4 10. Ne5 cxb3 11. Qxb3 Nc6 12. Nxc6 bxc6 13. Nd2 Bf5 14. Qc3 Qd7 15. Nf3 Ne4 16. Qe3 f6 17. Ba3 Rfe8 18. Bxe7 Rxe7 19. Qb3 Nd6 20. Rfe1 Be4 21. Nd2 Bxg2 22. Kxg2 Rae8 23. e3 h5 24. h4 g5 25. hxg5 fxg5 26. Nf3 Ne4 27. Rh1 Qf5 28. Qb2 Rf8 29. Ne5 Qxf2+ 30. Qxf2 Rxf2+ 31. Kh3 Rc2 32. Rac1 Rxa2 33. Rhf1 g4+ 34. Kh4 Rh2# 0-1


[Site "https://www.chess.com"]

[Event "Titled Tuesday Blitz March 21 Late 2023"]
[White "Przybylski, Wojciech"]
[Black "Fajdetic, Hrvoje"]
[WhiteFideId "1117599"]
[BlackFideId "14501945"]
[WhiteElo "2222"]
[BlackElo "2185"]
[Result "1-0"]
[Round "03"]
[TimeControl "180+2"]
[Date "2023.03.21"]
[WhiteClock "0:00:16"]
[BlackClock "0:00:09"]

1. e4 c5 2. Nf3 a6 3. a4 Nc6 4. d4 cxd4 5. Nxd4 g6 6. Be3 Bg7 7. c3 Nf6 8. Nd2 O-O 9. Be2 d5 10. Nxc6 bxc6 11. e5 Nd7 12. f4 e6 13. O-O a5 14. Nb3 Ba6 15. Nc5 Bxe2 16. Qxe2 Nxc5 17. Bxc5 Re8 18. b4 Bf8 19. Bxf8 Rxf8 20. b5 Qb6+ 21. Qf2 c5 22. Rae1 Rad8 23. Kh1 d4 24. cxd4 Rxd4 25. Qc2 Rfd8 26. h3 c4 27. Qc3 Qc5 28. Rc1 Qd5 29. Qxa5 Rd2 30. Rg1 Rd7 31. Qb4 Rd3 32. Kh2 Rd4 33. Rcf1 g5 34. b6 gxf4 35. a5 Qxe5 36. a6 f3+ 37. Kh1 f2 38. Rxf2 Rd1 39. Rff1 Rxf1 40. Rxf1 c3 41. a7 c2 42. a8=Q+ Kg7 43. Qaf8+ Kg6 44. Qg8+ Kh6 45. Qbf8+ Kh5 46. Qg4# 1-0


[Site "https://www.chess.com"]

[Event "Titled Tuesday Blitz March 21 Late 2023"]
[White "Dzierzak, Radoslaw"]
[Black "Albuquerque Junior,Wellington S."]
[WhiteFideId "1161407"]
[BlackFideId "2151480"]
[WhiteElo "2166"]
[BlackElo "2109"]
[Result "1-0"]
[Round "03"]
[TimeControl "180+2"]
[Date "2023.03.21"]
[WhiteClock "0:02:01"]
[BlackClock "0:00:15"]

1. e4 c5 2. Nf3 d6 3. d4 cxd4 4. Nxd4 Nf6 5. Nc3 Nc6 6. g3 e5 7. Nde2 Be7 8. Bg2 O-O 9. O-O Be6 10. Nd5 Bxd5 11. exd5 Nb8 12. h3 Nbd7 13. Be3 b5 14. a4 bxa4 15. Rxa4 Qc7 16. c4 Nb6 17. Rb4 Nfd7 18. b3 a5 19. Rb5 a4 20. c5 dxc5 21. d6 Bxd6 22. Bxa8 Rxa8 23. bxa4 Rxa4 24. Nc3 Rb4 25. Rxb4 cxb4 26. Nb5 1-0


[Site "https://www.chess.com"]

[Event "Titled Tuesday Blitz March 21 Late 2023"]
[White "Lauridsen, Jesper Morch"]
[Black "Rottenwohrer Suarez, Juan"]
[WhiteFideId "1401890"]
[BlackFideId "32068182"]
[WhiteElo "2244"]
[BlackElo "2174"]
[Result "1-0"]
[Round "03"]
[TimeControl "180+2"]
[Date "2023.03.21"]
[WhiteClock "0:00:17"]
[BlackClock "0:00:01"]

1. e4 c5 2. c3 d5 3. exd5 Qxd5 4. d4 Nf6 5. Nf3 Bg4 6. Nbd2 cxd4 7. Bc4 Qd8 8. Ne5 Be6 9. Bxe6 fxe6 10. O-O Nc6 11. Qa4 Qd5 12. cxd4 b5 13. Qa6 Nxd4 14. Ndf3 Nxf3+ 15. Nxf3 g6 16. Be3 Rd8 17. Ng5 Rd6 18. Qc8+ Rd8 19. Qxe6 Qxe6 20. Nxe6 Rb8 21. Bxa7 Rb7 22. Bd4 Bh6 23. f4 Kf7 24. Ng5+ Kg7 25. Rfe1 Rc8 26. Ne6+ Kg8 27. Nc5 Rbc7 28. b4 Nd5 29. Be5 Rc6 30. a3 Bxf4 31. Bxf4 Nxf4 32. Rxe7 Nd5 33. Rd7 Nb6 34. Rb7 Rd8 35. Rf1 Nd5 36. Rff7 Nc3 37. Rg7+ 1-0


[Site "https://www.chess.com"]

[Event "Titled Tuesday Blitz March 21 Late 2023"]
[White "olga-belka"]
[Black "Meunier-Pion, Jean"]
[BlackFideId "20685327"]
[WhiteElo "2233"]
[BlackElo "2124"]
[Result "1-0"]
[Round "03"]
[TimeControl "180+2"]
[Date "2023.03.21"]
[WhiteClock "0:00:06"]
[BlackClock "0:00:01"]

1. e4 e5 2. Nf3 Nc6 3. d4 exd4 4. Nxd4 Nf6 5. Nxc6 bxc6 6. e5 Qe7 7. Qe2 Nd5 8. h4 g6 9. c4 Nb4 10. a3 Na6 11. Nc3 Bg7 12. Bf4 O-O 13. g3 Re8 14. Ne4 d5 15. cxd5 cxd5 16. Nc3 d4 17. Nd5 Qc5 18. Bg2 c6 19. Rc1 Qa5+ 20. Bd2 d3 21. Bxa5 dxe2 22. Nc7 Nxc7 23. Bxc7 Bb7 24. Kxe2 Bxe5 25. Bxe5 Rxe5+ 26. Kf1 Rae8 27. Bf3 Ba6+ 28. Kg2 c5 29. Rhd1 Kg7 30. Rd7 Be2 31. Bd5 R8e7 32. Rxe7 Rxe7 33. Rxc5 h5 34. b4 Bd3 35. Bf3 Rd7 36. a4 Bf5 37. b5 Kf6 38. Rc6+ Ke5 39. a5 Kd4 40. b6 axb6 41. axb6 Rd8 42. b7 f6 43. Ra6 1-0


[Site "https://www.chess.com"]

[Event "Titled Tuesday Blitz March 21 Late 2023"]
[White "Lorenzo De La Riva, Lazaro"]
[Black "mestrefeitosa19"]
[WhiteFideId "2268809"]
[WhiteElo "2294"]
[BlackElo "2230"]
[Result "1/2-1/2"]
[Round "03"]
[TimeControl "180+2"]
[Date "2023.03.21"]
[WhiteClock "0:00:15"]
[BlackClock "0:00:05"]

1. d3 d5 2. Nf3 Nf6 3. g3 e6 4. Bg2 Be7 5. b3 O-O 6. Bb2 b6 7. O-O Bb7 8. Nbd2 Nbd7 9. Qe1 c5 10. e4 Rc8 11. e5 Ne8 12. h4 d4 13. a4 g6 14. Nc4 Ng7 15. Bc1 Nf5 16. Bf4 Qc7 17. Nfd2 Bxg2 18. Kxg2 a6 19. Ne4 b5 20. axb5 axb5 21. Ncd6 Bxd6 22. exd6 Qc6 23. g4 Nxh4+ 24. Kg3 f5 25. Kxh4 fxe4 26. Bg3 e5 27. Qxe4 Qxd6 28. Ra7 Qe6 29. Re1 Nf6 30. Qe2 Rce8 31. f3 Nd7 32. Kh3 h5 33. Kg2 hxg4 34. fxg4 Rf7 35. Qe4 Rg7 36. g5 Rh7 37. Kg1 Nf6 38. gxf6 Rxa7 39. Qxg6+ Kf8 40. Rxe5 Qf7 41. Rxe8+ Kxe8 42. Qe4+ Kf8 43. Bd6+ Kg8 44. Qg4+ Kh8 45. Qh4+ Qh7 46. Qg5 Rf7 47. Be5 Qg8 48. Qg2 Qxg2+ 49. Kxg2 Kh7 50. Kf3 Kg6 51. Ke4 c4 52. bxc4 bxc4 53. dxc4 Rd7 54. Bxd4 Rc7 55. c5 Kf7 56. Kd5 Ra7 57. c6 Ra2 58. c4 Ra5+ 59. Kd6 Ra6 60. Kd7 Ra2 61. c7 Rd2 62. c8=Q Rxd4+ 63. Kc7 Rxc4+ 64. Kb7 Rxc8 65. Kxc8 Kxf6 1/2-1/2


[Site "https://www.chess.com"]

[Event "Titled Tuesday Blitz March 21 Late 2023"]
[White "Perez Rodriguez, Jennifer"]
[Black "2good4u734"]
[WhiteFideId "3507831"]
[WhiteElo "2170"]
[BlackElo "2226"]
[Result "1-0"]
[Round "03"]
[TimeControl "180+2"]
[Date "2023.03.21"]
[WhiteClock "0:01:30"]
[BlackClock "0:00:01"]

1. e4 b6 2. d4 Bb7 3. Bd3 e6 4. f4 Nf6 5. Qe2 d5 6. e5 Ne4 7. Nf3 c5 8. c3 Nd7 9. Nbd2 Nxd2 10. Bxd2 Be7 11. O-O O-O 12. f5 cxd4 13. cxd4 Re8 14. Rae1 exf5 15. Bxf5 Nf8 16. Qf2 Ba6 17. Qg3 Bxf1 18. Rxf1 Ne6 19. Qh3 Nf8 20. Qg3 Kh8 21. h4 b5 22. h5 a5 23. Ng5 Bxg5 24. Bxg5 Qb6 25. Rf4 Ne6 26. Bxe6 Rxe6 27. h6 Kg8 28. Qf3 Qa7 29. hxg7 Rc8 30. Bf6 Rc1+ 31. Kh2 Qc7 32. Qh5 Rc2 33. Rh4 Rxg2+ 34. Kxg2 Qc2+ 35. Kg3 Qd3+ 36. Qf3 Qg6+ 37. Kh2 Qc2+ 38. Qg2 Qc4 39. Rxh7 Rxf6 40. Rh8# 1-0


[Site "https://www.chess.com"]

[Event "Titled Tuesday Blitz March 21 Late 2023"]
[White "Davidson, Kevin"]
[Black "Fernandez Hernandez, Gerardo"]
[WhiteFideId "2056810"]
[BlackFideId "2207400"]
[WhiteElo "2151"]
[BlackElo "2223"]
[Result "1-0"]
[Round "03"]
[TimeControl "180+2"]
[Date "2023.03.21"]
[WhiteClock "0:00:05"]
[BlackClock "0:00:02"]

1. e4 e6 2. d4 d5 3. Nc3 Nc6 4. Nf3 Nf6 5. Bg5 Be7 6. e5 Ne4 7. Bxe7 Qxe7 8. Bd3 Qb4 9. O-O Nxc3 10. bxc3 Qxc3 11. Rb1 Qa3 12. Qd2 h6 13. h4 b6 14. h5 Bd7 15. Qf4 Qe7 16. c3 Na5 17. Rfe1 c5 18. Qg4 O-O 19. Re3 Ba4 20. Nh4 Qg5 21. Qxg5 hxg5 22. Nf3 g4 23. Nh2 c4 24. Be2 Bc2 25. Rc1 Bf5 26. Nxg4 Bxg4 27. Bxg4 b5 28. f4 b4 29. cxb4 Nc6 30. f5 exf5 31. Bxf5 Nxd4 32. Bg4 Ne6 33. Bf3 Rfd8 34. Ree1 Rac8 35. b5 d4 36. Bc6 c3 37. Red1 Nf4 38. Kf2 1-0


[Site "https://www.chess.com"]

[Event "Titled Tuesday Blitz March 21 Late 2023"]
[White "Szyszylo, Rafal"]
[Black "Dylag, Emilia"]
[WhiteFideId "1109626"]
[BlackFideId "21805172"]
[WhiteElo "1951"]
[BlackElo "1878"]
[Result "1-0"]
[Round "03"]
[TimeControl "180+2"]
[Date "2023.03.21"]
[WhiteClock "0:00:14"]
[BlackClock "0:01:02"]

1. e4 e6 2. d4 d5 3. e5 c5 4. c3 Nc6 5. Nf3 Qb6 6. Be2 cxd4 7. cxd4 Bb4+ 8. Nc3 Nge7 9. O-O Nf5 10. Na4 Qd8 11. a3 Be7 12. b4 O-O 13. Bb2 f6 14. b5 Na5 15. Rc1 fxe5 16. Nxe5 Bd7 17. Bd3 Bd6 18. Nc5 Bxe5 19. dxe5 b6 20. Nb3 Nxb3 21. Qxb3 Qe8 22. a4 Qh5 23. Rc7 Be8 24. Ba3 Nh4 25. Bxf8 Kxf8 26. Qb4+ Kg8 27. Be2 Qg5 28. Qg4 Qxg4 29. Bxg4 Bf7 30. g3 Ng6 31. f4 Rd8 32. Rfc1 d4 33. Rc8 Rf8 34. Rxf8+ Nxf8 35. Rd1 Bg6 36. Rxd4 Kf7 37. Rc4 Bd3 38. Rc7+ Kg6 39. Rxa7 h5 40. Bh3 Bc2 41. a5 bxa5 42. b6 a4 43. b7 a3 44. b8=Q a2 45. Qe8+ Kh7 46. Rxa2 Bg6 47. Qxf8 Bf7 48. Ra7 Kh6 49. Qxf7 h4 50. Qxg7+ Kh5 51. g4# 1-0


[Site "https://www.chess.com"]